Map: Para-cité EC

Players

zidar

  • Race: Zerg Zerg
  • League: Gold
  • Spawn Location: 11:00

ZimZo - Winner!

  • Race: Zerg Zerg
  • League: Gold
  • Spawn Location: 5:00

VOD

Have the link to the VOD?

Description

Time

  • Played on: Jan. 3, 2019, 3:32 p.m.
  • Length: 9:02
Show
View Real Time Build Order
Export as new Build Order

zidar Zerg 

Build Orders: 1 Base Baneling Bust, Pool First 

Get SALT Encoding   

  12  0:01  Drone  
  13  0:08  Drone  
  14  0:16  Overlord  
  14  0:32  Extractor, Drone  
  14  0:47  Spawning Pool  
  13  0:58  Drone  
  14  1:13  Overlord  
  14  1:35  Metabolic Boost  
  14  1:37  Zergling x2  
  14  1:38  Queen  
  17  1:40  Zergling x4  
  19  1:57  Zergling x2  
  20  2:06  Zergling x2  
  21  2:18  Zergling x2  
  22  2:30  Zergling x2  
  22  2:32  Zergling x2  
  22  3:05  Spine Crawler  
  21  3:08  Zergling x6  
  21  3:09  Zergling x2  
  25  3:34  Zergling x4  
  21  4:06  Baneling Nest  
  20  4:15  Hatchery  
  18  4:34  Zergling x2  
  18  4:35  Zergling x6  
  17  4:57  Baneling  
  17  4:59  Zergling x6  
  18  5:38  Drone x6  
  22  5:58  Roach Warren  
  21  6:04  Queen  
  21  6:11  Zergling x10  
  27  6:30  Extractor  
  27  6:32  Drone x2  
  28  6:37  Overlord  
  28  6:38  Overlord x2  
  26  6:53  Drone  
  27  6:59  Drone x6  
  33  7:02  Extractor  
  33  7:04  Extractor  
  31  7:14  Lair  
  31  7:32  Drone x5  
  36  7:58  Drone x3  
  36  7:59  Drone x2  
  40  8:15  Spire  
  40  8:24  Roach  
  40  8:25  Roach x4  
Show
View Real Time Build Order
Export as new Build Order

ZimZo Zerg - Winner!

Build Orders: Hatch First 

Get SALT Encoding   

  12  0:03  Drone  
  13  0:13  Overlord  
  14  0:21  Drone  
  14  0:32  Drone  
  14  0:33  Drone  
  16  0:35  Drone  
  17  0:54  Hatchery  
  17  0:56  Drone  
  17  1:01  Extractor  
  16  1:20  Spawning Pool  
  16  1:22  Drone  
  16  1:23  Drone  
  17  1:27  Drone  
  18  1:33  Overlord  
  18  2:14  Queen, Evolution Chamber  
  19  2:16  Zergling x6  
  19  2:22  Baneling Nest  
  20  2:28  Drone x3  
  22  3:04  Roach Warren  
  21  3:19  Baneling x2  
  20  3:26  Zergling x12  
  22  3:38  Metabolic Boost  
  20  3:52  Queen  
  20  3:53  Drone x2  
  24  4:00  Zerg Ground Armor Level 1  
  24  4:05  Baneling x2  
  24  4:06  Baneling  
  24  4:15  Roach  
  26  4:20  Zergling x2  
  27  4:24  Drone  
  28  4:38  Roach  
  30  4:44  Extractor  
  27  4:56  Drone x2  
  29  5:05  Baneling  
  29  5:07  Drone  
  29  5:09  Overlord x2  
  25  5:37  Roach x3  
  31  5:52  Roach x3  
  37  6:08  Baneling  
  37  6:09  Drone  
  38  6:26  Drone x4  
  42  6:34  Overlord  
  42  6:46  Lair  
  42  6:48  Overlord  
  42  6:55  Roach  
  42  6:56  Roach x2  
  48  7:09  Hatchery  
  48  7:14  Roach  
  49  7:23  Ravager x3  
  49  7:26  Overlord  
  52  7:36  Roach  
  56  7:37  Roach  
  56  7:43  Roach  
  58  7:48  Roach  
  61  7:58  Zergling x2  
  61  8:01  Zergling x2  
  62  8:28  Hatchery  
  61  8:36  Zergling x6  
  64  8:45  Drone  
  67  8:49  Drone  
Tags
 
Add a new tag
Caveats
  • Supply blocks, unpowered buildings, or Contaminate may cause inaccurate times.
  • Supply counts are checked every 10 seconds.